SAA
PROVIDENCE PILGRIMS @ TACOMA FUR TRADERS
07/01/2042
 
TOP OF THE 1ST
Providence Pilgrims batting - Pitching for Tacoma Fur Traders : LHP Pedro Montáñez
Pitching: LHP Pedro Montáñez
Batting: RHB Carlos González 0-0: Called Strike
0-1: Called Strike
0-2: Foul Ball, location: 2F
0-2: Ball
1-2: Strikes out swinging, 2-3 out at first.
Batting: RHB Chris Hall 0-0: Ball
1-0: Called Strike
1-1: Ground out 6-3 (Groundball, 6, EV 85.0 MPH)
Batting: RHB Ramón Gabriel 0-0: Called Strike
0-1: Ball
1-1: Called Strike
1-2: Ball
2-2: Foul Ball, location: 2F
2-2: Foul Ball, location: 2F
2-2: Fly out, F9 (Flyball, 9LS, EV 92.5 MPH)
Top of the 1st over - 0 runs, 0 hits, 0 errors, 0 left on base; Providence 0 - Tacoma 0
BOTTOM OF THE 1ST
Tacoma Fur Traders batting - Pitching for Providence Pilgrims : RHP Jorge García
Pitching: RHP Jorge García
Batting: LHB Sam Bickerton 0-0: Ball
1-0: Called Strike
1-1: Ball
2-1: Foul Ball, location: 2F
2-2: Strikes out swinging
Batting: RHB Axel Chicote 0-0: Fly out, F9 (Flyball, 9, EV 95.0 MPH)
Batting: LHB Cho-yun Yip 0-0: Ball
1-0: Swinging Strike
1-1: SINGLE (Groundball, 4MD, EV 101.2 MPH)
Batting: LHB Hori Ikenaki 0-0: Ball
1-0: Fly out, F8 (Flyball, 8LXD, EV 93.8 MPH)
Bottom of the 1st over - 0 runs, 1 hit, 0 errors, 1 left on base; Providence 0 - Tacoma 0
TOP OF THE 2ND
Providence Pilgrims batting - Pitching for Tacoma Fur Traders : LHP Pedro Montáñez
Batting: RHB Barend Huijbregts 0-0: Ball
1-0: Ball
2-0: Called Strike
2-1: SINGLE (Flyball, 89S, EV 91.2 MPH)
Batting: RHB Allen Kelley 0-0: Ball
1-0: Foul Ball, location: 2F
1-1: Ball
2-1: Foul Ball, location: 2F
2-2: Fly out, F8 (Flyball, 8RS, EV 87.5 MPH)
Batting: LHB César Valtez 0-0: Called Strike
0-1: SINGLE (Groundball, 56D, EV 101.9 MPH)
Barend Huijbregts to second
Batting: RHB Bill Blair 0-0: Called Strike
0-1: Foul Ball, location: 2F
0-2: Ball
1-2: Strikes out swinging
Batting: LHB David Davis 0-0: Ball
1-0: Foul Ball, location: 2F
1-1: Ball
2-1: Called Strike
2-2: Fly out, F6 (Popup, 15S, EV 91.9 MPH)
Top of the 2nd over - 0 runs, 2 hits, 0 errors, 2 left on base; Providence 0 - Tacoma 0
BOTTOM OF THE 2ND
Tacoma Fur Traders batting - Pitching for Providence Pilgrims : RHP Jorge García
Batting: SHB Nathan Polkinghorne 0-0: Called Strike
0-1: Called Strike
0-2: Foul Ball, location: 2F
0-2: Ball
1-2: Ball
2-2: Ball
3-2: Strikes out swinging
Batting: RHB Félix Olvera 0-0: Ground out 6-3 (Groundball, 6, EV 90.6 MPH)
Batting: RHB Ramón García 0-0: Ball
1-0: Swinging Strike
1-1: SINGLE (Groundball, 6MD, EV 105.6 MPH)
Batting: RHB Jeroen Penning 0-0: Called Strike
0-1: Fielders Choice at 2nd, 6-4 (Groundball, 6, EV 100.6 MPH)
Bottom of the 2nd over - 0 runs, 1 hit, 0 errors, 1 left on base; Providence 0 - Tacoma 0
TOP OF THE 3RD
Providence Pilgrims batting - Pitching for Tacoma Fur Traders : LHP Pedro Montáñez
Batting: RHB Jesse McCoy 0-0: Ball
1-0: Foul Ball, location: 2F
1-1: Ball
2-1: SINGLE (Groundball, 6MD, EV 101.9 MPH)
Batting: RHB Carlos González 0-0: Ball
1-0: Called Strike
1-1: Fly out, F8 (Flyball, 8RXD, EV 101.2 MPH)
Batting: RHB Chris Hall 0-0: Called Strike
0-1: Swinging Strike
0-2: Strikes out looking
Batting: RHB Ramón Gabriel 0-0: Ball
1-0: Ball
2-0: Called Strike
2-1: Foul Ball, location: 2F
2-2: Foul Ball, location: 2F
2-2: Ball
3-2: Foul Ball, location: 2F
3-2: Foul Ball, location: 2F
3-2: Base on Balls
Jesse McCoy to second
Batting: RHB Barend Huijbregts 0-0: Foul Ball, location: 2F
0-1: Ball
1-1: Ball
2-1: Foul Ball, location: 2F
2-2: SINGLE (Groundball, 56D, EV 108.8 MPH)
Jesse McCoy to third
Ramón Gabriel to second
Runner from 3rd tries for Home, SAFE, no throw by LF
Batting: RHB Allen Kelley 0-0: Called Strike
0-1: Ball
1-1: Ball
2-1: Ground out 4-3 (Groundball, 4S, EV 68.8 MPH)
Top of the 3rd over - 1 run, 2 hits, 0 errors, 2 left on base; Providence 1 - Tacoma 0
BOTTOM OF THE 3RD
Tacoma Fur Traders batting - Pitching for Providence Pilgrims : RHP Jorge García
Batting: RHB Eduardo Sainz 0-0: DOUBLE (Line Drive, 7LD, EV 109.4 MPH)
Batting: LHB Sam Bickerton 0-0: Foul Ball, location: 2F
0-1: Ground out U3 (Groundball, 3S, EV 86.2 MPH)
Eduardo Sainz to third
Batting: RHB Axel Chicote 0-0: Ball
1-0: Fly out, F2 (Popup, 5SF, EV 80.6 MPH)
Batting: LHB Cho-yun Yip 0-0: Ball
1-0: Ball
2-0: Ball
3-0: Base on Balls
Batting: LHB Hori Ikenaki 0-0: Called Strike
0-1: Foul Ball, location: 2F
0-2: Strikes out swinging
Bottom of the 3rd over - 0 runs, 1 hit, 0 errors, 2 left on base; Providence 1 - Tacoma 0
TOP OF THE 4TH
Providence Pilgrims batting - Pitching for Tacoma Fur Traders : LHP Pedro Montáñez
Batting: LHB César Valtez 0-0: Ball
1-0: Foul Ball, location: 2F
1-1: Swinging Strike
1-2: Ground out 4-3 (Groundball, 4, EV 90.6 MPH)
Batting: RHB Bill Blair 0-0: Called Strike
0-1: SINGLE (Line Drive, 56D, EV 100.0 MPH)
Batting: LHB David Davis 0-0: Called Strike
Bill Blair steals 2nd base
0-1: Foul Ball, location: 2F
0-2: Strikes out swinging
Batting: RHB Jesse McCoy 0-0: Ball
1-0: Ball
2-0: Ball
3-0: Base on Balls
Batting: RHB Carlos González 0-0: Ball
1-0: DOUBLE (Flyball, 8RXD, EV 98.8 MPH)
Bill Blair scores
Jesse McCoy to third
Runner from 3rd tries for Home, SAFE, no throw by CF
Batting: RHB Chris Hall 0-0: Foul Ball, location: 2F
0-1: Swinging Strike
0-2: Strikes out swinging
Top of the 4th over - 2 runs, 2 hits, 0 errors, 1 left on base; Providence 3 - Tacoma 0
BOTTOM OF THE 4TH
Tacoma Fur Traders batting - Pitching for Providence Pilgrims : RHP Jorge García
Batting: SHB Nathan Polkinghorne 0-0: Fly out, F8 (Flyball, 8LD, EV 93.8 MPH)
Batting: RHB Félix Olvera 0-0: Ball
1-0: Foul Ball, location: 2F
1-1: Ground out 2-3 (Groundball, 15S, EV 76.2 MPH)
Batting: RHB Ramón García 0-0: Ground out 6-3 (Groundball, 6, EV 99.4 MPH)
Bottom of the 4th over - 0 runs, 0 hits, 0 errors, 0 left on base; Providence 3 - Tacoma 0
TOP OF THE 5TH
Providence Pilgrims batting - Pitching for Tacoma Fur Traders : LHP Pedro Montáñez
Batting: RHB Ramón Gabriel 0-0: SINGLE (Flyball, 9LS, EV 86.9 MPH)
Batting: RHB Barend Huijbregts 0-0: Grounds into double play, 6-4-3 (Groundball, 6, EV 102.5 MPH)
Batting: RHB Allen Kelley 0-0: Called Strike
0-1: Foul Ball, location: 2F
0-2: Ball
1-2: SINGLE (Groundball, 6D, EV 99.4 MPH)
Batting: LHB César Valtez 0-0: Called Strike
0-1: Fly out, F9 (Line Drive, 9, EV 103.8 MPH)
Top of the 5th over - 0 runs, 2 hits, 0 errors, 1 left on base; Providence 3 - Tacoma 0
BOTTOM OF THE 5TH
Tacoma Fur Traders batting - Pitching for Providence Pilgrims : RHP Jorge García
Batting: RHB Jeroen Penning 0-0: Ball
1-0: Ball
2-0: Fly out, F4 (Flyball, 4D, EV 95.0 MPH)
Batting: RHB Eduardo Sainz 0-0: Called Strike
0-1: Called Strike
0-2: Foul Ball, location: 2F
0-2: Strikes out swinging
Batting: LHB Sam Bickerton 0-0: Ball
1-0: Ball
2-0: Ground out 6-3 (Groundball, 6M, EV 101.2 MPH)
Bottom of the 5th over - 0 runs, 0 hits, 0 errors, 0 left on base; Providence 3 - Tacoma 0
TOP OF THE 6TH
Providence Pilgrims batting - Pitching for Tacoma Fur Traders : LHP Pedro Montáñez
Batting: RHB Bill Blair 0-0: Swinging Strike
0-1: Foul Ball, location: 2F
0-2: Ball
1-2: Strikes out swinging
Batting: LHB David Davis 0-0: Foul Ball, location: 2F
0-1: Fly out, F9 (Flyball, 9LS, EV 85.0 MPH)
Batting: RHB Jesse McCoy 0-0: Called Strike
0-1: Called Strike
0-2: Foul Ball, location: 2F
0-2: Ball
1-2: Ball
2-2: Strikes out looking
Top of the 6th over - 0 runs, 0 hits, 0 errors, 0 left on base; Providence 3 - Tacoma 0
BOTTOM OF THE 6TH
Tacoma Fur Traders batting - Pitching for Providence Pilgrims : RHP Jorge García
Batting: RHB Axel Chicote 0-0: Called Strike
0-1: Ground out 1-3 (Groundball, 34S, EV 86.2 MPH)
Batting: LHB Cho-yun Yip 0-0: Ground out 4-3 (Groundball, 34, EV 86.2 MPH)
Batting: LHB Hori Ikenaki 0-0: Ball
1-0: Fly out, F8 (Flyball, 8RXD, EV 97.5 MPH)
Bottom of the 6th over - 0 runs, 0 hits, 0 errors, 0 left on base; Providence 3 - Tacoma 0
TOP OF THE 7TH
Providence Pilgrims batting - Pitching for Tacoma Fur Traders : LHP Pedro Montáñez
Pitching: RHP Kenny Caird
Batting: RHB Carlos González 0-0: Called Strike
0-1: Foul Ball, location: 2F
0-2: Strikes out swinging
Batting: RHB Chris Hall 0-0: Ball
1-0: Ball
2-0: Called Strike
2-1: Ground out 1-3 (Groundball, 13S, EV 66.9 MPH)
Batting: RHB Ramón Gabriel 0-0: Ball
1-0: Swinging Strike
1-1: Ground out 4-3 (Groundball, 34, EV 89.4 MPH)
Top of the 7th over - 0 runs, 0 hits, 0 errors, 0 left on base; Providence 3 - Tacoma 0
BOTTOM OF THE 7TH
Tacoma Fur Traders batting - Pitching for Providence Pilgrims : RHP Jorge García
Batting: SHB Nathan Polkinghorne 0-0: Ball
1-0: SINGLE (Groundball, 4MD, EV 100.6 MPH)
Batting: RHB Félix Olvera 0-0: Foul Ball, location: 2F
0-1: Fly out, F5 (Flyball, 56D, EV 86.2 MPH)
Batting: RHB Ramón García 0-0: SINGLE (Groundball, 34D, EV 101.2 MPH)
Nathan Polkinghorne to second
Runner from 2nd tries for 3rd, SAFE, no throw by RF
Batting: RHB Jeroen Penning 0-0: Swinging Strike
0-1: Ground out 4-3 (Groundball, 34D, EV 109.4 MPH)
Nathan Polkinghorne scores
Ramón García to second
Batting: RHB Eduardo Sainz 0-0: Foul Ball, location: 2F
0-1: Swinging Strike
0-2: Ball
1-2: Fly out, F8 (Line Drive, 8RD, EV 111.2 MPH)
Bottom of the 7th over - 1 run, 2 hits, 0 errors, 1 left on base; Providence 3 - Tacoma 1
TOP OF THE 8TH
Providence Pilgrims batting - Pitching for Tacoma Fur Traders : RHP Kenny Caird
Batting: RHB Barend Huijbregts 0-0: Fly out, F7 (Flyball, 7S, EV 82.5 MPH)
Batting: RHB Allen Kelley 0-0: Called Strike
0-1: Swinging Strike
0-2: Ball
1-2: Ball
2-2: Ground out 5-3 (Groundball, 56S, EV 85.0 MPH)
Batting: LHB César Valtez 0-0: Ball
1-0: Fly out, F8 (Flyball, 8LD, EV 85.6 MPH)
Top of the 8th over - 0 runs, 0 hits, 0 errors, 0 left on base; Providence 3 - Tacoma 1
BOTTOM OF THE 8TH
Tacoma Fur Traders batting - Pitching for Providence Pilgrims : RHP Jorge García
Batting: LHB Sam Bickerton 0-0: Ball
1-0: Called Strike
1-1: Swinging Strike
1-2: Ball
2-2: Foul Ball, location: 2F
2-2: Ball
3-2: Base on Balls
Batting: RHB Axel Chicote 0-0: DOUBLE (Line Drive, 78M, EV 100.0 MPH)
Sam Bickerton to third
Runner from 3rd tries for Home, SAFE, throw by LF to home
Batting: LHB Cho-yun Yip 0-0: Ground out 2-3 (Groundball, 2L, EV 65.6 MPH)
Axel Chicote to third
Batting: LHB Hori Ikenaki 0-0: Ball
1-0: Called Strike
1-1: Called Strike
1-2: Foul Ball, location: 2F
1-2: Foul Ball, location: 2F
1-2: Foul Ball, location: 2F
1-2: SINGLE (Flyball, 9LS, EV 88.8 MPH) - OUT at second base trying to stretch hit.
Axel Chicote scores
Batting: SHB Nathan Polkinghorne 0-0: Foul Ball, location: 2F
0-1: Called Strike
0-2: Ball
1-2: Ball
2-2: Ball
3-2: Ground out 4-3 (Groundball, 34D, EV 90.6 MPH)
Bottom of the 8th over - 2 runs, 2 hits, 0 errors, 0 left on base; Providence 3 - Tacoma 3
TOP OF THE 9TH
Providence Pilgrims batting - Pitching for Tacoma Fur Traders : RHP Kenny Caird
Batting: RHB Bill Blair 0-0: SINGLE (Groundball, 6MD, EV 106.9 MPH)
Batting: LHB David Davis 0-0: Ball
1-0: Ball
2-0: Ball
3-0: Base on Balls
Bill Blair to second
Pinch Hitting: RHB Gabriel Méndez 0-0: Fielders Choice at 2nd, 6-4 (Groundball, 6, EV 100.6 MPH)
Bill Blair to third
Batting: RHB Carlos González 0-0: Called Strike
0-1: Ball
1-1: Ball
2-1: Swinging Strike
2-2: DOUBLE (Line Drive, 9LM, EV 101.9 MPH)
Bill Blair scores
Gabriel Méndez to third
Runner from 3rd tries for Home, SAFE, no throw by RF
Batting: RHB Chris Hall 0-0: Called Strike
0-1: Foul Ball, location: 2F
0-2: Ball
1-2: Ball
2-2: Ball
3-2: Foul Ball, location: 2F
3-2: DOUBLE (Line Drive, 9LS, EV 101.9 MPH)
Carlos González scores
Pitching: LHP Moises Casabuena
Batting: RHB Ramón Gabriel 0-0: Ball
1-0: Ball
2-0: Foul Ball, location: 2F
2-1: Ball
3-1: Base on Balls
Batting: RHB Barend Huijbregts 0-0: Called Strike
0-1: Ball
1-1: Ball
2-1: Ball
3-1: Fly out, F3 (Line Drive, 3, EV 60.0 MPH)
Batting: RHB Allen Kelley 0-0: Called Strike
0-1: SINGLE (Groundball, 34D, EV 105.6 MPH)
Chris Hall to third
Ramón Gabriel to second
Runner from 3rd tries for Home, SAFE, throw by RF to home
Batting: LHB César Valtez 0-0: Swinging Strike
0-1: Ball
1-1: Ball
2-1: Swinging Strike
2-2: Ball
3-2: Strikes out looking
Top of the 9th over - 4 runs, 4 hits, 0 errors, 2 left on base; Providence 7 - Tacoma 3
BOTTOM OF THE 9TH
Tacoma Fur Traders batting - Pitching for Providence Pilgrims : RHP Jorge García
Pitching: RHP Phat Tra
Now at 2B: Mario Ramírez
Batting: RHB Félix Olvera 0-0: Ball
1-0: Foul Ball, location: 2F
1-1: Called Strike
1-2: Foul Ball, location: 2F
1-2: Ground out 4-3 (Groundball, 4S, EV 81.9 MPH)
Batting: RHB Ramón García 0-0: Reached on error, E5 (Groundball, 56, EV 86.9 MPH)
Batting: RHB Jeroen Penning 0-0: Called Strike
0-1: Ball
1-1: Swinging Strike
1-2: Fly out, F8 (Line Drive, 8LM, EV 100.6 MPH)
Batting: RHB Eduardo Sainz 0-0: Fly out, F8 (Flyball, 8RM, EV 83.8 MPH)
Bottom of the 9th over - 0 runs, 0 hits, 1 error, 1 left on base; Providence 7 - Tacoma 3
Friday, March 26th, 2021 - OOTP Baseball 20.8 Build 74